 Dungeon Crawl Stone Soup version 0.19.5 (webtiles) character file.

608835 equalderp2856 the Ninja (level 26, -7/127 HPs)
             Began as a Felid Fighter on Apr 3, 2017.
             Mangled by a shock serpent (12 damage)
             ... on level 1 of the Realm of Zot on Apr 6, 2017.
             The game lasted 1 day 02:57:49 (332842 turns).

equalderp2856 the Ninja (Felid Fighter)       Turns: 332842, Time: 1 , 02:57:49

Health: -7/127     AC:  3    Str: 13    XL:     26   Next: 70%
Magic:  0/49       EV: 40    Int: 19    God:
Gold:   5028       SH:  0    Dex: 18    Spells: 16 memorised, 23 levels left
                                        Lives:  0   Deaths: 8

rFire  . . .     SeeInvis +       - Unarmed
rCold  + . .     Gourm    .     (armour unavailable)
rNeg   . . .     Faith    .     (shield unavailable)
rPois  .         Spirit   +     (helmet unavailable)
rElec  .         Reflect  .     (cloak unavailable)
rCorr  .         Harm     .     (gloves unavailable)
MR     +++..                    (boots unavailable)
Stlth  +++++++++.               e - amulet of guardian spirit
                                g - +5 ring of evasion
                                P - ring of Fallopur {+Fly Slay+2}

@: about to teleport, studying Conjurations, quick
A: no armour, no weapons or thrown items, stealth, claws 1, fangs 3, see
invisible, carnivore 3, speed 1, shaggy fur 3, slow metabolism 1, sharp paws
a: Evoke Flight
}: 3/15 runes: serpentine, barnacled, silver


You were on level 1 of the Realm of Zot.
You were not hungry.

You visited 14 branches of the dungeon, and saw 52 of its levels.
You also visited: Sewer, Ice Cave and Volcano.

You collected 9288 gold pieces.
You spent 4260 gold pieces at shops.

Inventory:

Jewellery
 a - an uncursed ring of positive energy
 b - a +5 ring of dexterity
 d - an uncursed amulet of rage
 e - an amulet of guardian spirit (around neck)
 g - a +5 ring of evasion (right paw)
 s - an uncursed ring of magical power
 u - an uncursed ring of magical power
 x - an uncursed ring of protection from fire
 A - an uncursed ring of wizardry
 N - an uncursed amulet of regeneration
 P - the ring of Fallopur (left paw) {+Fly Slay+2}
   (You found it on level 3 of the Elven Halls)

   [ring of flight]

   It affects your accuracy and damage with ranged weapons and melee attacks
   (+2).
   It lets you fly.
 Q - a +5 ring of dexterity
 T - an uncursed ring of stealth
Wands
 j - a wand of disintegration (10/24)
 r - a wand of lightning (4/15)
 t - a wand of digging (14/24)
 K - a wand of disintegration (12/24)
 M - a wand of teleportation (1/9)
 R - a wand of random effects (28/48)
 Y - a wand of heal wounds (7/9)
 Z - a wand of acid (6/15)
Scrolls
 c - 6 scrolls of fog
 h - 2 scrolls of holy word
 i - 9 scrolls of magic mapping
 m - 4 scrolls of vulnerability
 p - 8 scrolls of identify
 q - 2 scrolls of recharging
 v - 6 scrolls of fear
 G - 3 scrolls of teleportation
 I - a scroll of remove curse
 X - a scroll of amnesia
Potions
 f - 6 potions of flight
 k - 5 potions of magic
 l - 4 potions of ambrosia
 o - 8 potions of berserk rage
 w - 8 potions of agility
 z - 10 potions of brilliance
 B - 3 potions of cancellation
 C - 9 potions of curing
 D - a potion of haste
 E - 8 potions of might
 L - a potion of beneficial mutation
 U - 2 potions of heal wounds
 W - 10 potions of lignification
Books
 J - a manual of Conjurations
 V - a book of Summonings

   Spells                             Type                      Level
   a - Recall                         Summoning/Translocation      3
   b - Aura of Abjuration             Summoning                    5
   c - Summon Demon                   Summoning                    5
   d - Summon Forest                  Summoning/Translocation      5
   e - Summon Mana Viper              Hexes/Summoning              5
   f - Shadow Creatures               Summoning                    6
Miscellaneous
 y - 5 boxes of beasts
 F - a lamp of fire
 H - 3 sacks of spiders
Comestibles
 n - 12 meat rations
 O - 9 beef jerkies
 S - 2 royal jellies


   Skills:
 - Level 18.4 Fighting
 - Level 19.8 Dodging
 O Level 27 Stealth
 - Level 23.4 Unarmed Combat
 - Level 21.2 Spellcasting
 - Level 10.0 Conjurations
 * Level 26.3 Hexes
 - Level 4.2 Charms
 - Level 12.7 Summonings
 - Level 11.2 Translocations
 - Level 1.0 Fire Magic
 - Level 10.9 Ice Magic
 - Level 2.6 Air Magic
 - Level 13.0 Evocations


You had 23 spell levels left.
You knew the following spells:

 Your Spells              Type           Power        Failure   Level  Hunger
a - Blink                 Tloc           N/A          1%          2    None
b - Slow                  Hex            #######.     0%          2    None
c - Call Imp              Summ           ######..     1%          2    None
d - Repel Missiles        Chrm/Air       ####..       1%          2    None
e - Conjure Flame         Conj/Fire      #####...     1%          3    None
f - Confusing Touch       Hex            ######       0%          1    None
g - Confuse               Hex            #######.     0%          3    None
h - Corona                Hex            #######      0%          1    None
i - Ensorcelled Hibernat  Hex/Ice        ######       0%          2    None
j - Silence               Hex/Air        ######....   1%          5    None
k - Summon Ice Beast      Ice/Summ       ######..     1%          4    None
l - Summon Mana Viper     Hex/Summ       #######.     1%          5    None
m - Swiftness             Chrm/Air       ####....     1%          2    None
n - Shroud of Golubria    Chrm/Tloc      #####.....   1%          2    None
o - Throw Icicle          Conj/Ice       ######..     1%          4    None
p - Passage of Golubria   Tloc           N/A          1%          4    None


Dungeon Overview and Level Annotations

Branches:
Dungeon (15/15)            Temple (1/1) D:6            Lair (6/6) D:8
 Shoals (4/4) Lair:4        Snake (4/4) Lair:3        Slime (0/5) Lair:6
    Orc (2/2) D:10            Elf (3/3) Orc:2        Vaults (5/5) D:14
  Crypt (3/3) Vaults:3       Tomb (0/3) Crypt:3      Depths (5/5) D:15
   Hell (1/1)                 Dis (0/7) Hell            Geh (0/7) Hell
    Coc (1/7) Hell            Tar (1/7) Hell            Zot (1/5) Depths:5

Altars:
Ashenzari
Cheibriados
Dithmenos
Elyvilon
Fedhas
Gozag
Hepliaklqana
Kikubaaqudgha
Makhleb
Nemelex Xobeh
Okawaru
Qazlal
Ru
Sif Muna
Trog
Uskayaw
Vehumet
Xom
Yredelemnul
Zin
The Shining One
Beogh

Shops:
Orc:2 (*[:   Elf:3 }==   Vaults:1 [   Vaults:2 }   Vaults:5 !%?   Depths:1 }
Depths:2 *%:=*[!%

Portals:
Hell: Depths:1 Depths:2 Depths:3 Depths:4 Depths:5
Abyss: Depths:2 Depths:4 Depths:5
Pandemonium: Depths:1 Depths:3 Depths:4
Ziggurat: Depths:1
Trove: Elf:2 (give 5 potions of resistance)

Annotations:
D:4 Eustachio
Crypt:1 3 exclusions
Crypt:2 2 exclusions
Depths:3 Murray


Innate Abilities, Weirdness & Mutations

You cannot wear armour.
You are incapable of wielding weapons or throwing items.
Your paws allow you to move quietly. (Stealth)
You have sharp claws.
You have razor-sharp teeth.
You have supernaturally acute eyesight. (SInv)
You are carnivorous and can eat meat at any time.
You cover ground quickly.
Your thick and shaggy fur keeps you warm. (AC +3, rC+)
You have a slow metabolism.
Your sharp claws are effective at attacking unaware monsters.


Message History

The shock serpent shocks you!
* * * LOW HITPOINT WARNING * * *
You feel much better.
The black draconian seems less confused.
The black draconian breathes lightning at you.
The bolt of lightning misses you.
The shock serpent shoots out a bolt of lightning at you!
The bolt of electricity misses you.
You feel much better.
The shock serpent shoots out a bolt of lightning at you!
The bolt of electricity hits you!
The black draconian hits you from afar with a halberd!
* * * LOW HITPOINT WARNING * * *
The raiju bursts into living lightning!
The living lightning hits you!
* * * LOW HITPOINT WARNING * * *
The raiju blinks!
The shock serpent bites you!
* * * LOW HITPOINT WARNING * * *
The shock serpent shocks you!
You die...

≈#≈§§§§§§§§§§§≈#≈§#≈...#
#≈≈S#>§§§§§8§§§§§>#≈≈#≈#..#
#≈≈≈#≈§§§§§§§§§§§≈#≈≈#≈#..###
y≈h##§§§§§§§§§§§##≈≈#≈#..#..
≈≈≈#§§§§§§§§§§§##≈≈#≈#..#.#
#≈##§§§§§§§§§# #≈≈≈≈#..#.#
#≈≈##§§§§§§§####≈####..#.#
#≈≈≈#########).≈≈≈.§...#.#
###≈≈.§..@...h÷≈≈≈..)..#.#
.#≈#.........S...÷#≈#.....#.#
.#≈#.........d....#≈#....)#.#
.#≈#..............#≈#))...#.#
.#≈################≈#.....#.#
##≈≈≈≈≈≈≈≈≈≈≈≈≈≈≈≈≈≈#.....#^#
≈≈≈≈≈≈≈≈≈≈≈≈≈≈≈≈≈≈≈≈#.....#.#
#################≈≈≈#.)...#..
......*.q.#≈≈≈#.....#.#


You could see a diamond obelisk, a black draconian, a shock serpent and a raiju.

Vanquished Creatures
  5 ancient liches
  4 juggernauts
  Sojobo (Depths:4)
  Vashnia (Snake:1)
  Margery (Vaults:3)
  Bai Suzhen (Vaults:4)
  Saint Roka (Orc:2)
  A Killer Klown (Zot:1)
  4 caustic shrikes
  Geryon (Hell)
  12 golden dragons
  3 electric golems (Zot:1)
  A bone dragon (Crypt:3)
  Jorgrun (Shoals:3)
  8 liches
  2 tentacled monstrosities
  A shard shrike zombie (Crypt:1)
  The ghost of Frank the Bludgeoner, an adept GrGl of the Shining One (Vaults:2)
  The ghost of Amon001 the Imperceptible, an adept SpEn of Dithmenos (Vaults:2)
  5 titans
  A deep elf master archer (Elf:3)
  5 quicksilver dragons
  Asterion (Elf:2)
  4 ancient champions
  Frances (Elf:1)
  Kirke (Snake:1)
  5 sphinxes
  6 krakens
  8 shadow dragons
  14 storm dragons
  A death cob (Zot:1)
  6 tengu reavers
  2 revenants
  11 nagarajas
  Ilsuiw (Shoals:4)
  Donald (Shoals:1)
  16 frost giants
  14 fire giants
  9 deep elf sorcerers
  Aizul (Snake:1)
  A draconian scorcher (Depths:5)
  A balrug (Depths:2)
  2 ghost moths (Zot:1)
  20 vault wardens
  A draconian zealot (Zot:1)
  An emperor scorpion (shapeshifter) (Vaults:5)
  9 deep elf elementalists
  5 ghouls
  3 draconian shifters
  Louise (D:13)
  An iron dragon (shapeshifter) (Depths:3)
  3 orc warlords
  6 iron dragons
  18 ironheart preservers
  4 curse skulls
  10 reapers
  6 spriggan defenders
  18 very ugly things
  2 draconian annihilators
  A stone giant (shapeshifter) (Vaults:4)
  33 stone giants
  12 war gargoyles
  6 green draconians
  2 entropy weavers (Vaults:4)
  2 lorocyprocas
  Nessos (D:14)
  8 black draconians (Zot:1)
  A dire elephant (D:15)
  11 vampire knights
  11 deep elf annihilators
  2 purple draconians
  12 deep elf demonologists
  2 mottled draconians
  3 white draconians
  A yellow draconian (Depths:5)
  Snorg (Orc:1)
  7 spark wasps
  4 red draconians
  2 blizzard demons (Depths:1)
  23 ettins
  10 jiangshi
  13 merfolk impalers
  15 deep elf death magi
  5 eidola
  8 merfolk javelineers
  10 deep elf high priests
  4 crystal guardians
  20 yaktaur captains
  16 fire dragons
  Fannar (Lair:2)
  3 kraken zombies
  44 vault guards
  16 ogre magi
  17 great orbs of eyes
  18 hydras
  Erolcha (Orc:1)
  5 spriggan air magi
  11 naga warriors
  6 rakshasas
  A hell beast (Depths:3)
  2 catoblepae
  16 ice dragons
  A catoblepas (shapeshifter) (Vaults:5)
  A merfolk avatar (Shoals:1)
  4 death knights
  5 satyrs
  24 dancing weapons
  2 merfolk aquamancers (Shoals:4)
  Erica (D:8)
  17 centaur warriors
  3 alligator snapping turtles
  10 death yaks
  12 anacondas
  9 vampire magi
  13 deep troll earth magi
  12 deep troll shamans
  3 orc high priests
  8 tengu warriors
  9 spriggan berserkers
  20 naga sharpshooters
  11 shock serpents
  3 soul eaters
  A salamander mystic (Snake:4)
  44 deep elf knights
  8 sun demons
  15 hell knights
  9 iron trolls
  A fire crab (shapeshifter) (D:14)
  3 sixfirhies
  2 iron golems (Hell)
  A death drake (shapeshifter) (Depths:1)
  2 anaconda zombies
  2 fire crabs
  7 glowing orange brains
  57 skeletal warriors
  4 shadow wraiths
  A storm dragon skeleton (Vaults:3)
  An unseen horror (shapeshifter) (Vaults:1)
  7 unseen horrors
  A death drake (Depths:4)
  21 sea snakes
  A spectral anaconda (Depths:4)
  4 golden dragon zombies
  A shadow demon (Tar:1)
  40 deep trolls
  A spectral minotaur (Depths:4)
  8 flayed ghosts
  A swamp dragon (shapeshifter) (Depths:1)
  15 hill giants
  A hill giant (shapeshifter) (Elf:1)
  A lindwurm (shapeshifter) (Depths:4)
  10 wizards
  33 harpies
  A lindwurm (Lair:6)
  27 deep elf archers
  2 orange crystal statues (Depths:4)
  22 ironbrand convokers
  2 wolf spider zombies
  2 frost giant zombies (Crypt:3)
  12 necromancers
  7 orc sorcerers
  7 naga ritualists
  An orb spider (shapeshifter) (Elf:1)
  21 phantasmal warriors
  A mana viper (shapeshifter) (Vaults:5)
  20 mana vipers
  70 ugly things
  2 tengu skeletons
  2 shadow dragon skeletons
  14 orc knights
  2 tengu zombies
  A wolf spider (shapeshifter) (Depths:3)
  118 deep elf magi
  25 fauns
  24 manticores
  11 wolf spiders
  16 cyclopes
  A fire giant zombie (Coc:1)
  8 salamanders
  9 moths of wrath (Zot:1)
  A dire elephant zombie (Crypt:3)
  An iron dragon skeleton (Crypt:3)
  A smoke demon (Hell)
  The ghost of Eleusis the Ogre Mage, a novice OgEE of Ashenzari (D:5)
  A hell hog skeleton (Crypt:1)
  18 vault sentinels
  5 frost giant skeletons
  40 black mambas
  12 water nymphs
  10 rust devils
  3 ice statues
  14 elephants
  2 guardian serpents (shapeshifter)
  A titan simulacrum (Depths:2)
  A spiny frog (shapeshifter) (D:15)
  20 sirens
  10 gargoyles
  23 naga magi
  16 spiny frogs
  2 molten gargoyles (Hell)
  7 guardian serpents
  2 torpor snails
  11 komodo dragons
  2 yaktaur zombies
  3 rime drakes
  8 freezing wraiths
  2 kobold demonologists (D:11)
  66 yaktaurs
  A red draconian zombie (Crypt:1)
  A hellion (Hell)
  2 demonic crawlers
  An elf (Depths:2)
  3 ice devils
  An iron troll zombie (Crypt:1)
  8 tengu conjurers
  2 spectral merfolk (Depths:4)
  2 golden dragon simulacra (Depths:3)
  2 tormentors (Hell)
  A meliai (shapeshifter) (Depths:1)
  A queen bee (Lair:5)
  6 meliai
  A red draconian skeleton (Crypt:2)
  4 hydra zombies
  A polar bear (shapeshifter) (Vaults:2)
  13 trolls
  2 hydra skeletons
  41 merfolk
  14 polar bears
  11 hornets
  A two-headed ogre (shapeshifter) (Depths:4)
  7 wind drakes
  15 snapping turtles
  A shadow dragon simulacrum (Depths:2)
  A hornet (shapeshifter) (Vaults:4)
  A slime creature (shapeshifter) (Depths:5)
  41 slime creatures
  23 two-headed ogres
  A bog body (Crypt:2)
  An ettin zombie (Crypt:1)
  21 hippogriffs
  3 alligator zombies
  24 blink frogs
  2 raiju
  55 dream sheep
  A fire giant simulacrum (Vaults:3)
  A stone giant simulacrum (Vaults:2)
  A frost giant simulacrum (Crypt:2)
  A black mamba zombie (Crypt:1)
  8 shadows
  An ettin skeleton (Crypt:2)
  3 redbacks (Vaults:4)
  An alligator skeleton (Hell)
  3 wyverns
  A fire dragon skeleton (Crypt:3)
  11 spriggans
  6 vampires
  28 water elementals
  40 flying skulls
  A redback (shapeshifter) (Vaults:3)
  A spriggan (shapeshifter) (D:15)
  7 air elementals
  A hill giant zombie (Crypt:1)
  16 wraiths
  A tarantella (Vaults:4)
  10 fire elementals
  80 yaks
  2 hogs (shapeshifter)
  2 humans (Depths:2)
  5 basilisks
  A hog (Snake:1)
  2 chaos spawn (Depths:3)
  6 hungry ghosts
  A hill giant skeleton (Crypt:2)
  2 mottled dragons (Vaults:2)
  A soldier ant (D:14)
  2 swamp worms (shapeshifter)
  Edmund (D:4)
  13 water moccasins
  76 nagas
  2 spectral trolls (Depths:4)
  17 wargs
  Duvessa (D:7)
  7 hell hounds
  A floating eye (shapeshifter) (Depths:2)
  2 floating eyes
  A hydra simulacrum (Depths:4)
  10 porcupines
  A hornet zombie (D:10)
  A spectral spriggan (Depths:4)
  2 eyes of draining
  6 sky beasts
  12 ice beasts
  2 spiny frog skeletons (Coc:1)
  4 black bears
  68 orc warriors
  3 snapping turtle zombies (Depths:4)
  4 black bears (shapeshifter)
  7 necrophages
  64 ogres
  59 wolves
  A snapping turtle skeleton (Crypt:3)
  11 boggarts
  A manticore skeleton (Crypt:1)
  39 centaurs
  A crocodile (shapeshifter) (Depths:1)
  17 crocodiles
  An octopode zombie (Crypt:1)
  Blork the orc (Orc:2)
  26 bullfrogs
  2 wyvern zombies
  8 big kobolds
  6 earth elementals
  2 gnoll sergeants (D:10)
  2 spectral wargs (Depths:2)
  A water moccasin zombie (D:6)
  Dowan (D:7)
  4 scorpions
  38 killer bees
  3 spectral nagas (Depths:4)
  3 spectral ogres (Depths:4)
  A warg skeleton (Crypt:2)
  27 wights
  9 electric eels
  5 spectral centaurs (Depths:4)
  11 howler monkeys
  8 crimson imps
  5 bullfrog zombies
  3 quasits
  A human simulacrum (Vaults:1)
  22 orc priests
  4 centaur zombies
  8 jellies
  A bullfrog skeleton (D:11)
  Crazy Yiuf (D:7)
  8 hounds
  10 centaur skeletons
  5 iguanas
  An iron imp (Depths:3)
  34 orc wizards
  5 worker ants
  3 hell rats
  A spriggan simulacrum (Depths:4)
  A mottled dragon zombie (Crypt:1)
  An ogre zombie (Crypt:1)
  2 centaur simulacra (Depths:4)
  3 hound zombies
  5 hound skeletons
  5 worker ant zombies
  2 howler monkey zombies (D:11)
  20 adders
  15 gnolls
  8 river rats
  A river rat (shapeshifter) (Vaults:5)
  A naga simulacrum (Depths:4)
  5 shadow imps
  6 white imps
  3 ufetubi (Depths:3)
  7 oozes
  An adder skeleton (D:5)
  2 adder zombies
  9 worms
  A ball lightning (Zot:1)
  3 dart slugs (D:1)
  10 leopard geckos
  111 orcs
  7 giant cockroaches
  10 goblins
  7 hobgoblins
  11 jackals
  4 quokkas
  6 ball pythons
  6 bats
  3 frilled lizards (D:1)
  A giant cockroach zombie (D:4)
  2 jackal zombies
  21 kobolds
  A leopard gecko zombie (Crypt:1)
  16 rats
  A river rat skeleton (Crypt:2)
  6 fungi
  23 plants
  13 tentacles
3471 creatures vanquished.

Vanquished Creatures (collateral kills)
  A golden dragon (Vaults:4)
  5 tentacled monstrosities
  A deep elf blademaster (Elf:3)
  A deep elf master archer (Elf:3)
  An ancient champion (Hell)
  A shadow dragon (Hell)
  Roxanne (Elf:2)
  A deep elf sorcerer (Elf:3)
  A deep elf elementalist (Elf:3)
  3 deep elf annihilators
  A deep elf death mage (Elf:3)
  A yaktaur captain (Depths:4)
  3 merfolk avatars
  An ogre mage (Vaults:2)
  15 dancing weapons
  A vampire mage (Crypt:1)
  A soul eater (Depths:4)
  2 glowing orange brains (Depths:4)
  A harpy (Vaults:3)
  A necromancer (Crypt:3)
  An orc knight (Vaults:2)
  2 ugly things (Vaults:1)
  A merfolk (Shoals:4)
  2 flying skulls (Crypt:3)
  A wraith (Crypt:1)
  A porcupine (Lair:3)
  An orc warrior (Vaults:2)
  An earth elemental (Elf:3)
  A howler monkey (shapeshifter) (Vaults:5)
  A lava snake (Lair:1)
  A shadow imp (Depths:3)
56 creatures vanquished.

Vanquished Creatures (others)
  A tentacled monstrosity (Zot:1)
  A fire giant (Depths:2)
  A black draconian (Zot:1)
  A spark wasp (Zot:1)
  A flayed ghost (D:12)
  A wizard (Elf:3)
  4 deep elf magi
  A rust devil (Hell)
  2 two-headed ogres (Vaults:5)
  2 water elementals
  2 humans
  2 ogres (Vaults:5)
  2 boggarts
  A wolf (Depths:2)
  A wyvern skeleton (D:8)
  A jelly (D:12)
  An adder (D:8)
  5 ball lightnings
  An orc (Orc:2)
  A kobold (D:13)
  9 bushes
  34 fungi
  45 plants
  94 tentacles
  A withered plant (Depths:2)
215 creatures vanquished.

Grand Total: 3742 creatures vanquished

Notes
Turn   | Place    | Note
-------+----------+-------------------------------------------
     0 | D:1      | equalderp2856 the Felid Fighter began the quest for the Orb.
     0 | D:1      | Reached XP level 1. HP: 10/10 MP: 2/2
   528 | D:1      | Reached XP level 2. HP: 6/14 MP: 3/3
  1036 | D:1      | Reached skill level 1 in Stealth
  1220 | D:1      | Reached XP level 3. HP: 17/17 MP: 4/4
  2610 | D:2      | Reached skill level 2 in Stealth
  2707 | D:2      | Reached XP level 4. HP: 20/21 MP: 5/5
  2934 | D:2      | Reached skill level 5 in Unarmed Combat
  3021 | D:2      | HP: 1/21 [poisoned by an adder]
  3023 | D:2      | Succumbed to an adder's poison
  3024 | D:2      | Reached XP level 3. HP: 0/17 MP: 4/4
  3424 | D:3      | Reached skill level 3 in Stealth
  3471 | D:3      | Reached XP level 4. HP: 21/21 MP: 5/5
  3721 | D:3      | Found a glowing drain.
  3726 | Sewer    | Entered a sewer
  3829 | Sewer    | Noticed a big kobold
  3948 | Sewer    | Killed a big kobold
  3948 | Sewer    | Reached XP level 5. HP: 16/24 MP: 6/6
  4308 | Sewer    | Reached skill level 5 in Dodging
  4308 | Sewer    | Gained mutation: You are covered in thick fur. (AC +2) [Felid growth]
  4308 | Sewer    | Reached XP level 6. HP: 28/28 MP: 7/7
  4962 | Sewer    | Reached skill level 4 in Stealth
  5285 | D:3      | Found a bloodstained altar of Trog.
  5589 | D:3      | Found a sacrificial altar of Ru.
  5643 | D:4      | Noticed Edmund
  5649 | D:4      | Killed Edmund
  5649 | D:4      | Reached XP level 7. HP: 27/31 MP: 8/8
  5875 | D:4      | Reached skill level 5 in Stealth
  6204 | D:4      | Noticed Eustachio
  6231 | D:5      | Entered Level 5 of the Dungeon
  6851 | D:5      | Reached XP level 8. HP: 34/34 MP: 9/9
  6863 | D:5      | Noticed Eleusis's ghost (novice OgEE)
  6906 | D:5      | Killed Eleusis's ghost
  6906 | D:5      | Reached skill level 6 in Stealth
  7395 | D:6      | Noticed a hornet
  7404 | D:6      | Slain by a hornet
  7405 | D:6      | Reached XP level 7. HP: -3/31 MP: 8/8
  7571 | D:6      | Found a staircase to the Ecumenical Temple.
  7634 | D:6      | Found a hide-covered altar of Uskayaw.
  8322 | D:6      | Learned a level 2 spell: Blink
  8325 | D:6      | Learned a level 2 spell: Slow
  8335 | D:6      | Learned a level 2 spell: Call Imp
  8486 | Temple   | Entered the Ecumenical Temple
  8660 | D:7      | Reached XP level 8. HP: 36/36 MP: 9/9
  8674 | D:7      | Reached skill level 7 in Stealth
  8678 | D:7      | Reached skill level 10 in Unarmed Combat
  9061 | D:7      | Noticed Dowan
  9064 | D:7      | Noticed Duvessa
  9066 | D:7      | Killed Dowan
  9103 | D:7      | Killed Duvessa
 10164 | D:7      | Found a runed door.
 10168 | D:7      | Noticed Crazy Yiuf
 10172 | D:7      | Killed Crazy Yiuf
 10245 | D:8      | Noticed Erica
 10451 | D:6      | Reached skill level 8 in Stealth
 10719 | D:8      | Reached XP level 9. HP: 34/39 MP: 10/10
 11155 | D:8      | Found a staircase to the Lair.
 11638 | D:8      | Noticed a deep elf mage
 11643 | D:8      | Killed a deep elf mage
 13077 | D:8      | Reached skill level 9 in Stealth
 13320 | D:8      | Reached skill level 1 in Evocations
 14352 | D:9      | Found a sparkling altar of Nemelex Xobeh.
 14382 | D:9      | Found a basalt altar of Yredelemnul.
 14383 | D:9      | Found a blossoming altar of Fedhas.
 14383 | D:9      | Found a shimmering altar of Xom.
 14383 | D:9      | Found a sacrificial altar of Ru.
 14664 | D:9      | Noticed a cyclops
 14690 | D:10     | Entered Level 10 of the Dungeon
 14750 | D:10     | Reached XP level 10. HP: 43/43 MP: 11/11
 14968 | D:10     | Noticed a skeletal warrior
 14990 | D:10     | Found a staircase to the Orcish Mines.
 15041 | D:10     | Noticed a skeletal warrior
 15255 | D:10     | Found a shimmering altar of Xom.
 15390 | D:10     | Reached skill level 1 in Spellcasting
 15395 | D:10     | Reached skill level 10 in Stealth
 16946 | D:10     | Noticed a skeletal warrior
 16947 | D:10     | Noticed a skeletal warrior
 17131 | D:10     | Noticed a skeletal warrior
 17696 | D:10     | Noticed an unseen horror
 18573 | D:7      | Learned a level 2 spell: Repel Missiles
 18577 | D:7      | Learned a level 3 spell: Conjure Flame
 18847 | D:6      | Identified a scroll of acquirement
 19073 | D:8      | Reached skill level 1 in Summonings
 19078 | Lair:1   | Entered Level 1 of the Lair of Beasts
 19393 | Lair:1   | Found a dark tunnel.
 19430 | Volcano  | Entered a volcano
 19648 | Volcano  | Noticed a gargoyle
 19648 | Volcano  | Noticed a gargoyle
 19783 | Volcano  | Killed a gargoyle
 19783 | Volcano  | Reached skill level 1 in Translocations
 19783 | Volcano  | Reached XP level 11. HP: 46/46 MP: 12/15
 20798 | Lair:1   | Reached skill level 11 in Stealth
 22008 | Lair:2   | Noticed Fannar
 22386 | Lair:2   | Reached skill level 1 in Hexes
 23480 | Lair:3   | Reached skill level 10 in Dodging
 24533 | Lair:3   | Noticed a five-headed hydra
 24543 | Lair:3   | Killed a five-headed hydra
 25117 | Lair:2   | Gained mutation: Your thick and shaggy fur keeps you warm. (AC +3, rC+) [Felid growth]
 25117 | Lair:2   | Reached XP level 12. HP: 48/50 MP: 20/20
 26008 | Lair:2   | Reached skill level 5 in Spellcasting
 26531 | Lair:1   | Noticed a five-headed hydra
 26536 | Lair:2   | Reached skill level 5 in Hexes
 26594 | Lair:2   | Killed Fannar
 27111 | Lair:3   | Found a staircase to the Snake Pit.
 28180 | Lair:3   | Noticed a six-headed hydra
 28696 | Lair:3   | Noticed an eight-headed hydra
 28765 | Lair:3   | Slain by an eight-headed hydra
 28766 | Lair:3   | Reached XP level 11. HP: -1/46 MP: 14/20
 29229 | Lair:1   | Killed a five-headed hydra
 29229 | Lair:1   | Reached skill level 5 in Summonings
 29229 | Lair:1   | Reached skill level 1 in Fire Magic
 29563 | D:7      | Identified Nyun's Collected Works on Heat and Unholy Rituals (You acquired it on level 7 of the Dungeon)
 29678 | D:8      | Killed Erica
 29897 | D:9      | Reached skill level 1 in Conjurations
 30125 | D:9      | Reached skill level 5 in Fighting
 30238 | D:10     | Killed an unseen horror
 30410 | D:11     | Noticed a four-headed hydra
 30467 | D:11     | Noticed a purple ugly thing
 30476 | D:11     | Killed a purple ugly thing
 30576 | D:11     | Noticed an unseen horror
 30582 | D:11     | Noticed a red ugly thing
 30583 | D:11     | Killed an unseen horror
 30590 | D:11     | Killed a red ugly thing
 31003 | D:11     | Reached XP level 12. HP: 55/55 MP: 22/22
 31068 | D:11     | Killed a four-headed hydra
 31591 | D:11     | Noticed a centaur warrior
 31613 | D:11     | Killed a centaur warrior
 33102 | D:12     | Reached skill level 10 in Fighting
 37989 | D:13     | Reached XP level 13. HP: 63/63 MP: 23/23
 38061 | D:13     | Reached skill level 12 in Stealth
 39894 | D:14     | Found a frozen archway.
 40207 | IceCv    | Entered an ice cave
 40318 | IceCv    | Reached skill level 15 in Unarmed Combat
 41918 | IceCv    | Noticed a frost giant
 42619 | IceCv    | Learned a level 1 spell: Confusing Touch
 42623 | IceCv    | Learned a level 3 spell: Confuse
 43169 | IceCv    | Killed a frost giant
 44291 | D:14     | Noticed Nessos
 44796 | D:13     | Reached XP level 14. HP: 67/67 MP: 17/27
 46365 | Lair:4   | Found a staircase to the Shoals.
 49396 | Lair:4   | Reached skill level 13 in Stealth
 50623 | Lair:6   | Entered Level 6 of the Lair of Beasts
 50975 | Lair:6   | Reached skill level 10 in Spellcasting
 52258 | Lair:6   | Found a staircase to the Slime Pits.
 53583 | Lair:5   | Reached XP level 15. HP: 48/71 MP: 22/30
 55882 | Lair:6   | Reached skill level 10 in Hexes
 58492 | Orc:1    | Entered Level 1 of the Orcish Mines
 58656 | Orc:1    | Noticed an orc warlord
 58840 | D:10     | Killed an orc warlord
 58971 | Orc:1    | Noticed Erolcha
 59068 | Orc:1    | Killed Erolcha
 59161 | Orc:1    | Reached skill level 14 in Stealth
 59367 | Orc:2    | Entered Level 2 of the Orcish Mines
 59417 | Orc:2    | Found a roughly hewn altar of Beogh.
 60596 | Orc:2    | Noticed Blork the orc
 60598 | Orc:2    | Noticed Saint Roka
 60641 | Orc:2    | Killed Blork the orc
 61651 | Orc:2    | Paralysed by an orc sorcerer for 5 turns
 62376 | Orc:1    | Noticed Snorg
 62585 | Orc:2    | Found a staircase to the Elven Halls.
 64917 | Orc:2    | Found a roughly hewn altar of Beogh.
 65195 | Orc:2    | Found Coicysur's Antique Armour Boutique.
 66321 | Orc:2    | Killed Saint Roka
 66388 | Orc:2    | Found Jifips's Antique Weapon Boutique.
 66390 | Orc:2    | Found Bourui Aggy's General Store.
 66400 | Orc:2    | Found Vional's Book Boutique.
 66607 | Orc:2    | Bought a book of Maledictions for 400 gold pieces
 66609 | Orc:2    | Learned a level 1 spell: Corona
 66612 | Orc:2    | Learned a level 2 spell: Ensorcelled Hibernation
 67218 | Orc:1    | Killed Snorg
 69879 | D:13     | Reached XP level 16. HP: 60/75 MP: 22/33
 70071 | D:14     | Killed Nessos
 70071 | D:14     | Reached skill level 1 in Ice Magic
 70128 | D:14     | Noticed Louise
 70154 | D:13     | Killed Louise
 70154 | D:13     | Reached skill level 15 in Stealth
 70783 | D:14     | Found a gate to the Vaults.
 71205 | D:14     | Found a blossoming altar of Fedhas.
 71363 | D:15     | Entered Level 15 of the Dungeon
 73037 | D:15     | Found a glowing silver altar of Zin.
 73510 | D:15     | Found a staircase to the Depths.
 78640 | Snake:1  | Entered Level 1 of the Snake Pit
 78948 | Snake:1  | Reached skill level 16 in Stealth
 80774 | Snake:1  | Reached skill level 1 in Air Magic
 81531 | Snake:1  | Noticed Kirke
 81740 | Snake:1  | Noticed a sphinx
 81743 | Snake:1  | Noticed a sphinx
 81886 | Snake:1  | Killed Kirke
 82280 | Snake:2  | Noticed Aizul
 82934 | Snake:2  | Noticed Vashnia
 83779 | Lair:3   | Reached XP level 17. HP: 76/78 MP: 31/34
 84135 | Snake:1  | Killed Aizul
 86680 | Snake:2  | Reached skill level 17 in Stealth
 88941 | Snake:1  | Killed Vashnia
 91281 | Snake:3  | Reached skill level 1 in Charms
 92195 | Snake:4  | Entered Level 4 of the Snake Pit
 93526 | Snake:4  | Reached skill level 15 in Hexes
 94479 | Snake:4  | Reached skill level 5 in Ice Magic
 96558 | Snake:3  | Reached XP level 18. HP: 82/82 MP: 34/36
 97040 | Snake:4  | Reached skill level 18 in Stealth
 98459 | Snake:4  | Got a serpentine rune of Zot
101777 | Shoals:1 | Entered Level 1 of the Shoals
101870 | Shoals:1 | Noticed Donald
102002 | Shoals:1 | Killed Donald
110138 | Depths:1 | Entered Level 1 of the Depths
110470 | Depths:1 | Found a one-way gate leading to the halls of Pandemonium.
110552 | Depths:1 | Found Yshaic's Gadget Emporium.
110786 | Depths:1 | Found a gateway to a ziggurat.
113216 | Depths:1 | Reached skill level 19 in Stealth
114707 | Depths:1 | Found a gateway to Hell.
115958 | Depths:2 | Found a one-way gate to the infinite horrors of the Abyss.
116022 | Depths:2 | Reached XP level 19. HP: 33/86 MP: 13/38
116397 | Depths:2 | Found Jousseuv's Food Emporium.
117341 | Depths:2 | Found Verealac's Jewellery Shoppe.
117733 | Depths:2 | Found Vaim's Book Shoppe.
117736 | Depths:2 | Found Janebila's Assorted Antiques.
119905 | Depths:2 | Reached skill level 15 in Spellcasting
122089 | Depths:2 | Paralysed by a floating eye for 3 turns
122104 | Depths:2 | Reached skill level 20 in Stealth
125466 | Depths:3 | Noticed a golden dragon
125960 | Depths:3 | Gained mutation: You tend to lose your temper in combat. [a shining eye]
126011 | Depths:3 | Killed a golden dragon
126375 | Depths:2 | Bought a metallic brown potion for 27 gold pieces
126924 | Depths:2 | Lost mutation: You tend to lose your temper in combat. [potion of cure mutation]
127925 | Depths:3 | Reached XP level 20. HP: 91/91 MP: 32/40
130091 | Depths:3 | Noticed a golden dragon
131058 | Depths:3 | Noticed a caustic shrike
131059 | Depths:3 | Noticed a caustic shrike
131250 | Depths:3 | Noticed a caustic shrike
131251 | Depths:3 | Noticed a caustic shrike
131543 | Depths:2 | Killed a caustic shrike
131543 | Depths:2 | Reached skill level 21 in Stealth
131646 | Depths:2 | Killed a caustic shrike
131931 | Depths:3 | Killed a caustic shrike
131959 | Depths:3 | Killed a caustic shrike
132107 | Depths:3 | Noticed a golden dragon
132127 | Depths:3 | Noticed a golden dragon
132127 | Depths:3 | a shadow dragon changed into a golden dragon
132128 | Depths:3 | a golden dragon changed into an iron dragon
132140 | Depths:3 | Killed a golden dragon
133156 | Depths:3 | Killed a golden dragon
134611 | Depths:3 | Noticed a juggernaut
135185 | Depths:3 | Noticed a golden dragon
135235 | Depths:3 | Killed a golden dragon
136413 | Depths:2 | Reached skill level 5 in Translocations
137662 | Depths:2 | HP: 4/91 [spark wasp (22)]
137662 | Depths:2 | Mangled by a spark wasp
137663 | Depths:2 | Reached XP level 19. HP: -10/87 MP: 0/40
137678 | Depths:2 | Found Vireatyh's Miraculous Elixirs.
138745 | Depths:2 | Reached XP level 20. HP: 91/91 MP: 41/41
139512 | Depths:2 | Reached skill level 22 in Stealth
140334 | Depths:2 | Found Ganics's Slaves and Accessories.
140485 | Depths:2 | Noticed a juggernaut
140943 | Depths:2 | Found The Legendary Koelarint's Legendary Smithy.
140983 | Depths:2 | Found Jack's Jerk-a-riffic Jerky.
141292 | Depths:2 | Noticed a juggernaut
141782 | Depths:2 | Killed a juggernaut
143179 | Depths:2 | Killed a juggernaut
144348 | Depths:3 | Killed a juggernaut
145852 | Depths:5 | Entered Level 5 of the Depths
148970 | Depths:3 | Reached XP level 21. HP: 94/94 MP: 43/43
149155 | Depths:5 | Noticed a golden dragon
150909 | Depths:5 | Reached skill level 23 in Stealth
151094 | Depths:5 | Noticed a golden dragon
151230 | Depths:5 | Noticed a golden dragon
151261 | Depths:5 | Killed a golden dragon
151754 | Depths:5 | Killed from afar by a spriggan air mage
151755 | Depths:5 | Reached XP level 20. HP: -4/91 MP: 0/42
151871 | Depths:5 | Noticed a golden dragon
153464 | Depths:4 | Killed a golden dragon
153918 | Depths:5 | Killed a golden dragon
154472 | Depths:4 | Noticed an ancient lich
154474 | Depths:4 | Killed an ancient lich
156133 | Depths:4 | Noticed Sojobo
161288 | Shoals:2 | Reached XP level 21. HP: 95/95 MP: 43/43
164822 | Elf:1    | Entered Level 1 of the Elven Halls
164930 | Elf:1    | Noticed Frances
164958 | Elf:1    | Killed Frances
167062 | Elf:1    | Reached skill level 24 in Stealth
171069 | Elf:2    | Found a runed gate.
171070 | Elf:2    | Found a runed gate.
171070 | Elf:2    | Found a runed gate.
171620 | Elf:2    | Noticed Roxanne
171642 | Elf:2    | Found a portal to a secret trove of treasure.
172946 | D:7      | Reached skill level 15 in Dodging
174269 | Depths:2 | Bought a book of Callings for 480 gold pieces
174269 | Depths:2 | Bought a book of Air for 560 gold pieces
174284 | Depths:2 | Bought a book of Dreams for 1200 gold pieces
174587 | Orc:2    | Bought a book of Spatial Translocations for 1040 gold pieces
176067 | Lair:1   | Learned a level 5 spell: Silence
177700 | Lair:1   | Learned a level 4 spell: Summon Ice Beast
177706 | Lair:1   | Learned a level 5 spell: Summon Mana Viper
177709 | Lair:1   | Learned a level 2 spell: Swiftness
177712 | Lair:1   | Learned a level 2 spell: Shroud of Golubria
181417 | Depths:5 | Killed a golden dragon
182354 | Depths:5 | Found a gate to the Realm of Zot.
183524 | Depths:4 | Killed Sojobo
183524 | Depths:4 | Reached XP level 22. HP: 79/99 MP: 14/45
186085 | Depths:4 | Reached skill level 10 in Summonings
187781 | Depths:4 | Mangled by a tentacled monstrosity
187782 | Depths:4 | Reached XP level 21. HP: -8/96 MP: 0/44
188750 | Depths:4 | Identified Roxanne's Reference Book on the Shifting Rocks
188922 | Depths:4 | Reached XP level 22. HP: 100/100 MP: 45/45
189323 | Depths:4 | Noticed a golden dragon
189535 | Depths:4 | Noticed a golden dragon
189932 | Depths:4 | Noticed a caustic shrike
189932 | Depths:4 | Noticed a caustic shrike
189932 | Depths:4 | Noticed a caustic shrike
191771 | Shoals:1 | Reached skill level 25 in Stealth
193501 | Shoals:3 | Noticed Jorgrun
193512 | Shoals:3 | Killed Jorgrun
196043 | Shoals:4 | Entered Level 4 of the Shoals
197668 | Shoals:4 | Noticed Ilsuiw
200409 | Shoals:4 | Got a barnacled rune of Zot
200896 | Shoals:3 | Reached skill level 26 in Stealth
202204 | Shoals:4 | Killed Ilsuiw
202690 | Shoals:4 | Reached XP level 23. HP: 103/103 MP: 43/46
204970 | Elf:2    | Killed Roxanne
204977 | Elf:2    | Identified Roxanne's Compendium of the Catamount (You took it off Roxanne on level 2 of the Elven Halls)
205786 | Elf:2    | Noticed Asterion
206667 | Elf:2    | Reached skill level 27 in Stealth
209635 | Elf:3    | Entered Level 3 of the Elven Halls
210824 | Elf:3    | Got a smoking granite ring
210826 | Elf:3    | Identified the ring of Fallopur {+Fly Slay+2} (You found it on level 3 of the Elven Halls)
212026 | Elf:3    | Found Etirghex's Jewellery Shop.
212027 | Elf:3    | Found Falliep's Gadget Shoppe.
212029 | Elf:3    | Found Ocutyune's Jewellery Shop.
220490 | Elf:2    | Killed Asterion
221389 | Elf:3    | Got a slimy ivory ring
221899 | Elf:3    | Got a steaming leather armour
222571 | Elf:3    | Got a pair of bloodstained boots
225900 | Elf:3    | Identified the ring of Meneu {*Tele Int+3 Dex+2} (You took it off a deep elf blademaster on level 3 of the Elven Halls)
228625 | Shoals:4 | Got a polished arbalest
229485 | Shoals:4 | Identified the cursed +0 arbalest of Generosity {venom, +Blink MP-9 Dex+3 SInv} (You found it on level 4 of the Shoals)
232761 | Vaults:1 | Entered Level 1 of the Vaults
233272 | Vaults:1 | Found Zighabefi's Antique Armour Shop.
233413 | Vaults:1 | Reached XP level 24. HP: 112/112 MP: 41/46
237537 | Vaults:2 | Noticed Frank's ghost (adept GrGl)
238101 | Vaults:2 | Found Zeufioqu's Gadget Emporium.
238992 | Vaults:2 | Killed Frank's ghost
239991 | Vaults:2 | Noticed Amon001's ghost (adept SpEn)
242905 | Vaults:2 | Killed Amon001's ghost
243287 | Vaults:2 | Reached skill level 10 in Translocations
244657 | Vaults:3 | Found a staircase to the Crypt.
244657 | Vaults:3 | Found a basalt altar of Yredelemnul.
244657 | Vaults:3 | Found an ancient bone altar of Kikubaaqudgha.
246641 | Vaults:3 | Reached XP level 25. HP: 115/115 MP: 47/47
247119 | Vaults:3 | Noticed Margery
248180 | Vaults:3 | Killed Margery
248750 | Vaults:4 | Noticed Bai Suzhen
248754 | Vaults:4 | Killed Bai Suzhen
249595 | Vaults:4 | Reached skill level 10 in Ice Magic
251846 | Vaults:5 | Entered Level 5 of the Vaults
253719 | Vaults:5 | Noticed an ancient lich
254626 | Vaults:5 | Killed an ancient lich
254864 | Vaults:5 | HP: 1/115 [titan/the air (23)]
260035 | Vaults:5 | Shot with an arrow by a deep elf archer
260036 | Vaults:5 | Reached XP level 24. HP: -2/112 MP: 0/48
260142 | Vaults:5 | Noticed an ancient lich
260286 | Vaults:5 | Reached XP level 25. HP: 109/115 MP: 43/48
260431 | Vaults:5 | Reached skill level 15 in Fighting
263125 | Vaults:5 | Killed an ancient lich
263763 | Vaults:5 | Got a silver rune of Zot
264373 | Vaults:5 | Found Dizojoip's Distillery.
264387 | Vaults:5 | Found Haiklet's Food Boutique.
264401 | Vaults:5 | Found Ovohungamm's Magic Scroll Shoppe.
264488 | Vaults:5 | Identified the Almanac of Feathers and Snow
269096 | Vaults:5 | Bought a potion of heal wounds for 110 gold pieces
269096 | Vaults:5 | Bought a potion of heal wounds for 110 gold pieces
269116 | Vaults:5 | Bought a scroll of recharging for 171 gold pieces
269116 | Vaults:5 | Bought a scroll of teleportation for 54 gold pieces
269116 | Vaults:5 | Bought a scroll of teleportation for 54 gold pieces
269116 | Vaults:5 | Bought a scroll of teleportation for 54 gold pieces
273286 | Vaults:1 | Got a crude robe
278531 | Vaults:3 | You fall through a shaft!
279810 | Crypt:1  | Entered Level 1 of the Crypt
280169 | Crypt:1  | Reached skill level 5 in Conjurations
283453 | Crypt:2  | Reached skill level 10 in Conjurations
285125 | Crypt:2  | Reached XP level 26. HP: 108/121 MP: 38/49
285908 | Crypt:3  | Entered Level 3 of the Crypt
287592 | Crypt:3  | Identified Vetexkua's Collected Works on Necromancy
288783 | Crypt:3  | Noticed an ancient lich
289298 | Crypt:3  | Killed an ancient lich
289464 | Crypt:3  | Found a basalt altar of Yredelemnul.
289673 | Crypt:3  | Found a staircase to the Tomb.
290574 | Crypt:3  | Identified the Handbook of Protection and Transmutation
299359 | Lair:1   | Learned a level 4 spell: Throw Icicle
299388 | Lair:1   | Learned a level 4 spell: Passage of Golubria
307081 | Depths:5 | Reached skill level 5 in Evocations
308123 | Depths:3 | Noticed a juggernaut
309732 | Depths:3 | Killed a juggernaut
313311 | Hell     | Entered the Vestibule of Hell
313316 | Hell     | Noticed Geryon
315462 | Hell     | Noticed Murray
315980 | Hell     | Killed Geryon
320912 | Hell     | Reached skill level 10 in Evocations
321420 | Hell     | Found a gateway to the ashen valley of Gehenna.
323473 | Hell     | Found a gateway to the freezing wastes of Cocytus.
323552 | Hell     | Found a gateway to the Iron City of Dis.
323852 | Hell     | Reached XP level 27. HP: 66/131 MP: 19/49
324602 | Hell     | Found a gateway to the decaying netherworld of Tartarus.
324943 | Coc:1    | Entered Level 1 of Cocytus
325527 | Tar:1    | Entered Level 1 of Tartarus
326709 | Zot:1    | Entered Level 1 of the Realm of Zot
327460 | Zot:1    | Noticed an ancient lich
327640 | Zot:1    | Killed an ancient lich
331682 | Zot:1    | Noticed an orb of fire
332468 | Zot:1    | Mangled by a death cob
332469 | Zot:1    | Reached XP level 26. HP: -7/127 MP: 0/49
332842 | Zot:1    | HP: 5/127 [shock serpent (12)]
332842 | Zot:1    | Mangled by a shock serpent

Skill      XL: |  1  2  3  4  5  6  7  8  9 10 11 12 13 14 15 16 17 18 19 20 21 22 23 24 25 26 27 |
---------------+----------------------------------------------------------------------------------+-----
Stealth        | 1 3 4 5 8 9 10 11 12 13 14 16 17 19 20 22 24 26 27 | 27.0
Unarmed Combat | 6 7 8 10 11 13 14 15 16 17 18 20 21 22 23 | 23.4
Dodging        | 5 7 8 9 10 11 12 13 14 15 18 19 | 19.8
Fighting       | 4 7 11 12 14 15 18 | 18.4
Evocations     | 1 2 11 13 | 13.0
Spellcasting   | 2 6 5 8 10 12 13 14 15 17 18 19 21 | 21.2
Summonings     | 2 5 4 8 10 12 | 12.7
Translocations | 1 2 3 6 8 9 10 11 | 11.2
Hexes          | 4 6 7 9 11 13 15 16 17 19 21 22 24 26 | 26.3
Fire Magic     | 1 |  1.0
Conjurations   | 1 2 3 10 | 10.0
Ice Magic      | 3 5 6 8 9 10 | 10.9
Air Magic      | 1 2 |  2.6
Charms         | 1 2 4 |  4.2

Action                   |  1- 3 |  4- 6 |  7- 9 | 10-12 | 13-15 | 16-18 | 19-21 | 22-24 | 25-27 || total
-------------------------+-------+-------+-------+-------+-------+-------+-------+-------+-------++-------
Melee: Unarmed           |   133 |   171 |   415 |   985 |  1793 |  1424 |  2748 |  2435 |  2905 || 13009
       Bite              |    14 |    22 |    56 |   155 |   330 |   234 |   452 |   380 |   512 ||  2155
       Punch             |     1 |     4 |    24 |    93 |   208 |   180 |   373 |   328 |   385 ||  1596
 Cast: Call Imp          |       |       |     4 |    72 |     3 |     5 |    31 |     3 |       ||   118
       Blink             |       |       |     1 |    16 |     8 |     8 |   126 |   124 |   180 ||   463
       Slow              |       |       |       |    94 |   222 |    73 |    53 |    59 |   114 ||   615
       Conjure Flame     |       |       |       |    54 |    68 |    11 |     1 |    37 |       ||   171
       Repel Missiles    |       |       |       |     5 |     4 |    22 |    17 |    13 |     9 ||    70
       Confuse           |       |       |       |       |   133 |    68 |   125 |    76 |   176 ||   578
       Confusing Touch   |       |       |       |       |   100 |   268 |   478 |   363 |   313 ||  1522
       Ensorcelled Hiber |       |       |       |       |    14 |   502 |   324 |   292 |   194 ||  1326
       Summon Mana Viper |       |       |       |       |       |       |    28 |   171 |   146 ||   345
       Summon Ice Beast  |       |       |       |       |       |       |    27 |   117 |    75 ||   219
       Shroud of Golubri |       |       |       |       |       |       |    10 |    34 |    56 ||   100
       Silence           |       |       |       |       |       |       |     5 |    47 |    29 ||    81
       Corona            |       |       |       |       |       |       |       |       |    44 ||    44
       Swiftness         |       |       |       |       |       |       |       |       |     5 ||     5
       Passage of Golubr |       |       |       |       |       |       |       |       |    62 ||    62
       Throw Icicle      |       |       |       |       |       |       |       |       |    25 ||    25
 Abil: Evoke Flight      |       |       |       |       |       |       |       |       |    22 ||    22
Evoke: Wand              |       |       |     8 |    14 |       |       |    23 |     7 |    21 ||    73
       Fan of gales      |       |       |       |       |       |       |       |       |     1 ||     1
       Phial of floods   |       |       |       |       |       |       |       |       |     1 ||     1
  Use: Scroll            |       |     6 |     2 |    21 |     7 |    12 |    11 |     9 |    11 ||    79
       Potion            |       |     2 |     3 |     5 |       |     5 |     8 |     1 |    10 ||    34
 Stab: Sleeping          |    10 |     7 |    16 |    31 |    20 |   120 |   121 |   149 |   143 ||   617
       Paralysed         |       |       |     2 |     2 |       |       |       |       |       ||     4
       Distracted        |       |       |     3 |     7 |    14 |    14 |    30 |    11 |    24 ||   103
       Confused          |       |       |       |       |   121 |   221 |   372 |   275 |   268 ||  1257
       Petrified         |       |       |       |       |       |       |     1 |       |       ||     1
  Eat: Chunk             |     5 |    10 |    13 |    57 |    67 |    59 |   109 |   100 |    79 ||   499
       Pizza             |       |       |     3 |       |       |     2 |     2 |     1 |     9 ||    17
       Meat ration       |       |       |       |     1 |       |     3 |     4 |     4 |     9 ||    21
       Royal jelly       |       |       |       |       |       |     3 |     2 |     4 |    10 ||    19
       Beef jerky        |       |       |       |       |       |       |     1 |     2 |     3 ||     6
Armor: Skin              |     6 |     3 |     6 |    20 |    36 |    14 |    42 |    34 |    37 ||   198
Dodge: Dodged            |    89 |    95 |   316 |   835 |  1520 |  1148 |  2132 |  2156 |  2757 || 11048
       Deflected         |       |       |       |     6 |    15 |    66 |    77 |    60 |    41 ||   265
